[Event "Early-Titled-Tuesday-Blitz-October-10-2023"]
[Site "Chess.com"]
[Date "2023.10.10"]
[Round "2"]
[White "ExchangeAB"]
[Black "ljm509"]
[Result "1-0"]
[WhiteElo "2499"]
[BlackElo "2252"]
[TimeControl "180+1"]
[EndTime "8:14:27 PDT"]
[Termination "ExchangeAB won by resignation"]

1. d4 e6 2. Bf4 d5 3. e3 Bd6 4. Nc3 a6 5. Bd3 Nf6 6. Nf3 c5 7. dxc5 Bxc5 8. e4 dxe4 9. Nxe4 Nxe4 10. Bxe4 Qa5+ 11. c3 Qb6 12. O-O O-O 13. Bxh7+ Kxh7 14. Ng5+ Kg6 15. Qg4 e5 16. Ne6+ Kf6 17. Bg5+ Kg6 18. Nxf8+ Bxf8 19. Qxc8 Kxg5 20. Qxf8 Kg6 21. Rad1 1-0

[Event "Early-Titled-Tuesday-Blitz-October-10-2023"]
[Site "Chess.com"]
[Date "2023.10.10"]
[Round "2"]
[White "RETURNOFTHELAGGER"]
[Black "McCarthyStone"]
[Result "0-1"]
[WhiteElo "2670"]
[BlackElo "2403"]
[TimeControl "180+1"]
[EndTime "8:14:34 PDT"]
[Termination "McCarthyStone won by resignation"]

1. e4 e5 2. Nf3 d6 3. c3 Nf6 4.
Qc2 g6 5. d4 Nbd7 6. Bd3 Bg7 7.
O-O O-O 8. h3 Re8 9. Re1 c6 10.
Nbd2 Qc7 11. Nf1 a5 12. a4 b6 13. N1h2 Bb7 14. Be3 c5 15. d5 c4 16. Bf1 Nc5 17. Nd2 Ba6 18. Bxc4 Bxc4 19. Nxc4 Ncxe4 20. Nxb6 Rab8 21. Ra3 Rxb6 22. Bxb6 Qxb6 23. Rxe4 Nxe4 24. Qxe4 Qxb2 0-1

[Event "Early-Titled-Tuesday-Blitz-October-10-2023"]
[Site "Chess.com"]
[Date "2023.10.10"]
[Round "2"]
[White "GMMatamoros"]
[Black "TomLiu777"]
[Result "0-1"]
[WhiteElo "2558"]
[BlackElo "2363"]
[TimeControl "180+1"]
[EndTime "8:14:41 PDT"]
[Termination "TomLiu777 won by resignation"]

1. c4 Nf6 2. g3 e5 3. Bg2 Nc6 4. Nc3 Bb4 5. Nd5 Bc5 6. e3 O-O 7. Ne2 d6 8. O-O Bg4 9. h3 Bh5 10. g4 Bg6 11. d4 Bb6 12. f4 h6 13. f5 Bh7 14. Nxb6 axb6 15. Ng3 Kh8 16. b3 Bg8 17.
Bb2 Nh7 18. Bxc6 bxc6 19. dxe5 Qh4 20. exd6 Qxg3+ 0-1

[Event "Early-Titled-Tuesday-Blitz-October-10-2023"]
[Site "Chess.com"]
[Date "2023.10.10"]
[Round "2"]
[White "Cheer_Down"]
[Black "GAusal"]
[Result "0-1"]
[WhiteElo "2492"]
[BlackElo "2293"]
[TimeControl "180+1"]
[EndTime "8:14:42 PDT"]
[Termination "GAusal won by resignation"]

1. e4 e5 2. Nf3 Nc6 3. Bc4 d6 4. O-O f5 5. d3 Na5 6. Nc3 Nxc4 7. dxc4 Nf6 8. Re1 Be7 9. Nd5 Nxe4 10. Nxe7 Qxe7 11. c5 O-O 12. cxd6 cxd6 13. c4 b6 14. b3 Bb7 15. Ba3 Rad8 16. Qe2 Nc3 17. Qd3 Ne4 18. Rad1 h6 19. Qc2 Qf6 20. Nd2 Qg6 21. Nf3 Ng5 22. Nxg5 Qxg5 23. f4 Qxf4 24. Rxd6 Rxd6 25. Bxd6 Qd4+ 0-1

[Event "Early-Titled-Tuesday-Blitz-October-10-2023"]
[Site "Chess.com"]
[Date "2023.10.10"]
[Round "2"]
[White "AvitalBor"]
[Black "WelshTiger"]
[Result "1-0"]
[WhiteElo "2810"]
[BlackElo "2397"]
[TimeControl "180+1"]
[EndTime "8:14:43 PDT"]
[Termination "AvitalBor won by resignation"]

1. c4 g6 2. h4 h6 3. h5 g5 4. d4 Bg7 5. Nc3 d6 6. Nf3 c6 7. e4 Bg4 8. Be2 e5 9. d5 cxd5 10.
cxd5 Nf6 11. Be3 Bxh5 12. Nd2 Bg6 13. Qb3 Nbd7 14. Nc4 Qe7 15. f3 b6 16. Qa3 Nc5 17.
Nb5 Ncxe4 18. fxe4 Nxe4 19. Nbxd6+ Kf8 20. Nxe4 Qxa3 21. Nxa3 Bxe4 22. Bf3 Bg6 23. Nb5 f5 24. Nc7 Re8 25. Nxe8 Kxe8 26. Rc1 e4 27. Rc8+ Kd7 28.
Rxh8 Bxh8 29. Bh5 Bxb2 30. Bxg6 1-0

[Event "Early-Titled-Tuesday-Blitz-October-10-2023"]
[Site "Chess.com"]
[Date "2023.10.10"]
[Round "2"]
[White "Korchmar_Vasiliy"]
[Black "LeoWin2012"]
[Result "1-0"]
[WhiteElo "2720"]
[BlackElo "2323"]
[TimeControl "180+1"]
[EndTime "8:14:48 PDT"]
[Termination "Korchmar_Vasiliy won by resignation"]

1. e4 c5 2. d4 cxd4 3. Qxd4 Nc6 4. Qd3 g6 5. Nc3 Bg7 6. Nf3 e6 7. Nb5 Nb4 8. Qd6 Nxc2+ 9. Kd1 Qa5 10. Kxc2 Kd8 11.
Bg5+ f6 12. Bd2 Qa4+ 13. Kc1 Qxe4 14. Qc7+ Ke7 15. Qc5+ Kd8 16. Nd6 1-0

[Event "Early-Titled-Tuesday-Blitz-October-10-2023"]
[Site "Chess.com"]
[Date "2023.10.10"]
[Round "2"]
[White "viktorgen2021"]
[Black "wqws"]
[Result "0-1"]
[WhiteElo "2376"]
[BlackElo "2655"]
[TimeControl "180+1"]
[EndTime "8:15:02 PDT"]
[Termination "wqws won by resignation"]

1. d4 Nf6 2. c4 g6 3. Nf3 Bg7 4. g3 O-O 5. Bg2 c6 6. O-O d6 7. Nc3 Na6 8. h3 Nc7 9. e4 Nd7 10. Re1 e5 11. dxe5 Nxe5 12. Nxe5 dxe5 13. Qxd8 Rxd8 14.
Be3 Ne6 15. Rad1 Nd4 16. f4 Be6 17. fxe5 Nc2 18. Bg5 Rxd1 19. Rxd1 Bxe5 20. Rd2 Ne1 21. Bf4 Bxf4 22. gxf4 Nxg2 23. Kxg2 Bxc4 24. Rd7 b5 25. Rc7 Rd8 26. b3 Rd2+ 27. Kg1 b4 28. Na4 Rxa2 29. bxc4 Rxa4 30. Rxc6 Ra2 31. c5 b3 0-1

[Event "Early-Titled-Tuesday-Blitz-October-10-2023"]
[Site "Chess.com"]
[Date "2023.10.10"]
[Round "2"]
[White "SaqoChess_Twitch"]
[Black "Hooded_Old_Man"]
[Result "1-0"]
[WhiteElo "2617"]
[BlackElo "2361"]
[TimeControl "180+1"]
[EndTime "8:15:04 PDT"]
[Termination "SaqoChess_Twitch won by resignation"]

1. d4 d5 2. c4 e6 3. Nc3 Be7 4. Nf3 Nf6 5. Bg5 O-O 6. e3 Nbd7 7. cxd5 Nxd5 8. Bxe7 Qxe7 9. Nxd5 exd5 10. Bd3 c5 11. O-O c4 12. Bc2 Nf6 13. Rc1 Bg4 14.
h3 Bh5 15. Bf5 b5 16. g4 Bg6 17. Bxg6 hxg6 18. Ne5 Nd7 19. f4 Nxe5 20. dxe5 Rfd8 21. Qd4 Rac8 22. Kg2 b4 23. Rf2 Qc5 24. Rd1 Qxd4 25. Rxd4 Rc5 26. Kf3 Kf8 27. h4 Ke7 28. f5 gxf5 29. gxf5 a5 30. Rg2 Kf8 31. h5 a4 32. Rdg4 Re8 33. f6 Rxe5 34. fxg7+ Kg8 35. Rh4 d4 36. h6 Rf5+ 37. Ke2 d3+ 38. Ke1 Rh5 39. h7+ Rxh7 40. Rxh7 1-0

[Event "Early-Titled-Tuesday-Blitz-October-10-2023"]
[Site "Chess.com"]
[Date "2023.10.10"]
[Round "2"]
[White "Goi_Manne"]
[Black "ChessTankMan"]
[Result "0-1"]
[WhiteElo "2291"]
[BlackElo "2515"]
[TimeControl "180+1"]
[EndTime "8:15:04 PDT"]
[Termination "ChessTankMan won by resignation"]

1. e4 c5 2. Nf3 e6 3. c3 d5 4. exd5 exd5 5. d4 Nf6 6. Bb5+ Nc6 7. Qe2+ Be7 8. Bf4 O-O 9. Bxc6 bxc6 10. Nbd2 Bg4 11.
h3 Bxf3 12. Nxf3 cxd4 13. cxd4 Bb4+ 14. Kf1 Re8 15. Qd3 Ne4 16. g4 c5 17. dxc5 Bxc5 18.
Rh2 Qf6 19. Bd2 Qxb2 20. Re1 Qf6 21. Rg2 Qxf3 22. Qxd5 Ng3+ 23. Rxg3 Rxe1+ 24. Bxe1 Qxd5 0-1

[Event "Early-Titled-Tuesday-Blitz-October-10-2023"]
[Site "Chess.com"]
[Date "2023.10.10"]
[Round "2"]
[White "chessculator16"]
[Black "FontVella8"]
[Result "0-1"]
[WhiteElo "2300"]
[BlackElo "2614"]
[TimeControl "180+1"]
[EndTime "8:15:05 PDT"]
[Termination "FontVella8 won by resignation"]

1. d4 d5 2. c4 e6 3. Nc3 Nf6 4. cxd5 exd5 5. Bg5 c6 6. e3 h6 7. Bh4 Be7 8. Bd3 O-O 9. Qc2 Re8 10. Nge2 a5 11.
O-O Na6 12. a3 Nc7 13. Rae1 Ne6 14. f3 b5 15. Bf2 Ba6 16. e4 dxe4 17. fxe4 Ng4 18.
d5 Nc5 19. h3 Nxf2 20. Kxf2 Nxd3+ 21. Qxd3 b4 22. Qf3 bxc3 23. bxc3 Bc5+ 24. Kg3 Qg5+ 25. Kh2 cxd5 26. Qxf7+ Kh8 27. Qd7 dxe4 28. Qc6 Qe5+ 29. Kh1 Bd6 30. g3 Bb5 31. Qb6 e3 32. Rg1 Reb8 33.
Qd4 Bc6+ 34. Kh2 Rb2 35. Qc4 Bd5 36. Qg4 Rf8 37. Ref1 Rxf1 38. Rxf1 Qe4 39. Qc8+ Kh7 0-1

[Event "Early-Titled-Tuesday-Blitz-October-10-2023"]
[Site "Chess.com"]
[Date "2023.10.10"]
[Round "2"]
[White "Actuary44"]
[Black "WiktoriaPOL"]
[Result "1-0"]
[WhiteElo "2515"]
[BlackElo "2292"]
[TimeControl "180+1"]
[EndTime "8:15:06 PDT"]
[Termination "Actuary44 won by checkmate"]

1. e4 c5 2. d4 cxd4 3. c3 Nf6 4. Bd3 Nc6 5. f4 dxc3 6. Nxc3 d6 7. Nf3 g6 8. O-O Bg7 9. Kh1 O-O 10. Qe1 b6 11.
Be3 Bb7 12. Rd1 Rc8 13. Qh4 Nb4 14. Bb1 Nd7 15. Ng5 h6 16. Nf3 Nc5 17. f5 Ba6 18. Bxh6 Bxf1 19. Ng5 Ba6 20. Bxg7 Kxg7 21. f6+ Kxf6 22. e5+ Kxe5 23. Qd4# 1-0

[Event "Early-Titled-Tuesday-Blitz-October-10-2023"]
[Site "Chess.com"]
[Date "2023.10.10"]
[Round "2"]
[White "Juicy_Fork"]
[Black "Ishowmoves57"]
[Result "1-0"]
[WhiteElo "2462"]
[BlackElo "2176"]
[TimeControl "180+1"]
[EndTime "8:15:09 PDT"]
[Termination "Juicy_Fork won by resignation"]

1. e4 c5 2. Nf3 Nc6 3. d4 cxd4 4. Nxd4 e5 5. Nb5 d6 6. N1c3 a6 7. Na3 b5 8. Nd5 Be7 9. c4 b4 10. Nc2 Rb8 11. Nce3 Nf6 12. Bd3 Nxd5 13. Nxd5 O-O 14. O-O Be6 15. Be3 Bxd5 16. cxd5 Nd4 17. Bxa6 Qb6 18.
Bd3 Rfc8 19. b3 Rc3 20. Bc4 Rc8 21. Qg4 Rxe3 22. Qxc8+ 1-0

[Event "Early-Titled-Tuesday-Blitz-October-10-2023"]
[Site "Chess.com"]
[Date "2023.10.10"]
[Round "2"]
[White "Road2GM3000"]
[Black "wannabe2700"]
[Result "0-1"]
[WhiteElo "2378"]
[BlackElo "2680"]
[TimeControl "180+1"]
[EndTime "8:15:12 PDT"]
[Termination "wannabe2700 won on time"]

1. d4 Nf6 2. c4 Ng8 3. Nc3 Nc6 4.
e4 Nb8 5. f4 Nc6 6. Nf3 Nb8 7.
Bd3 Nf6 8. O-O Ng8 9. Be3 e6 10. f5 Nf6 11. fxe6 dxe6 12. e5 Ng4 13. Bg5 Be7 14.
Bxe7 Qxe7 15. Ne4 Ne3 16. Qd2 Nxf1 17. Rxf1 h6 18. d5 exd5 19. cxd5 O-O 20. Qf4 Nd7 21. Qf5 Re8 22. e6 Nf8 23. Ne5 fxe6 24. dxe6 Bxe6 25. Qf4 Bd5 0-1

[Event "Early-Titled-Tuesday-Blitz-October-10-2023"]
[Site "Chess.com"]
[Date "2023.10.10"]
[Round "2"]
[White "IamSchrodingersCat"]
[Black "BatboldNyamsuren0919"]
[Result "1-0"]
[WhiteElo "2519"]
[BlackElo "2312"]
[TimeControl "180+1"]
[EndTime "8:15:14 PDT"]
[Termination "IamSchrodingersCat won by resignation"]

1. e4 c5 2. Nf3 d6 3. d4 cxd4 4. Nxd4 Nf6 5. Nc3 g6 6. Be3 Bg7 7. f3 Nc6 8. Qd2 O-O 9. O-O-O d5 10. Qe1 e5 11. Nxc6 bxc6 12. exd5 Nxd5 13. Bc4 Be6 14.
Ne4 Qc7 15. Bc5 Rfd8 16. Qh4 h6 17. g4 Nf4 18. Bxe6 Nxe6 19. Be3 Qa5 20. a3 Nf4 21.
Nf6+ Bxf6 22. Qxf6 Nd5 23. Rxd5 1-0

[Event "Early-Titled-Tuesday-Blitz-October-10-2023"]
[Site "Chess.com"]
[Date "2023.10.10"]
[Round "2"]
[White "Mr_ruthless"]
[Black "Leonid_Starozhilov"]
[Result "1-0"]
[WhiteElo "2459"]
[BlackElo "2730"]
[TimeControl "180+1"]
[EndTime "8:15:15 PDT"]
[Termination "Mr_ruthless won on time"]

1. e4 Nc6 2. d4 d6 3. d5 Nb8 4. Nf3 Nf6 5. Nc3 Bg4 6. Be2 Nbd7 7. Bf4 g6 8. h3 Bxf3 9. Bxf3 Bg7 10. Qd2 c6 11.
O-O-O Qa5 12. Bh6 Bxh6 13. Qxh6 cxd5 14. exd5 Rc8 15. Rhe1 Rxc3 16. bxc3 Qxc3 17. Qe3 1-0

[Event "Early-Titled-Tuesday-Blitz-October-10-2023"]
[Site "Chess.com"]
[Date "2023.10.10"]
[Round "2"]
[White "Sanyura"]
[Black "LuisFSiles"]
[Result "0-1"]
[WhiteElo "2585"]
[BlackElo "2328"]
[TimeControl "180+1"]
[EndTime "8:15:17 PDT"]
[Termination "LuisFSiles won by resignation"]

1. e4 c5 2. Nf3 Nc6 3. d4 cxd4 4. Nxd4 Nf6 5. Nc3 e5 6. Ndb5 d6 7. Bg5 a6 8. Na3 b5 9. Nd5 Be7 10. Bxf6 Bxf6 11. c3 O-O 12. Nc2 Rb8 13. a4 bxa4 14. Ra2 Bg5 15. Be2 a5 16. O-O Be6 17. Bg4 Ne7 18.
Bxe6 fxe6 19. Nxe7+ Qxe7 20. Rxa4 Rxb2 21. Rxa5 Qc7 22.
Ra3 Qc5 23. Ra6 Qxc3 24. Qg4 Qxc2 25. Qxg5 Qxf2+ 0-1

[Event "Early-Titled-Tuesday-Blitz-October-10-2023"]
[Site "Chess.com"]
[Date "2023.10.10"]
[Round "2"]
[White "ElDivis"]
[Black "Sunnika"]
[Result "0-1"]
[WhiteElo "2478"]
[BlackElo "2283"]
[TimeControl "180+1"]
[EndTime "8:15:18 PDT"]
[Termination "Sunnika won by resignation"]

1. d4 d5 2. Nf3 c6 3. e3 Bg4 4. h3 Bh5 5. c4 e6 6. Nbd2 Nd7 7. b3 f5 8. Bd3 Bd6 9. Qc2 Ngf6 10. Bb2 Ne4 11.
g4 Bg6 12. gxf5 exf5 13. O-O-O Nxf2 14. Bxf5 Bxf5 15. Qxf5 Qf6 16. Qxf6 Nxf6 17. e4 dxe4 18. Ng5 O-O 19. Rhg1 Nxd1 20. Kxd1 Rae8 21. d5 cxd5 22. cxd5 e3 23. Ne6 Rxe6 24. dxe6 exd2 25. Kxd2 0-1

[Event "Early-Titled-Tuesday-Blitz-October-10-2023"]
[Site "Chess.com"]
[Date "2023.10.10"]
[Round "2"]
[White "JAN2404"]
[Black "ploxoi"]
[Result "0-1"]
[WhiteElo "2070"]
[BlackElo "2433"]
[TimeControl "180+1"]
[EndTime "8:15:19 PDT"]
[Termination "ploxoi won by checkmate"]

1. e4 c5 2. Nf3 e6 3. d4 cxd4 4. Nxd4 Nc6 5. Nc3 Qc7 6. Be3 a6 7. Be2 Nf6 8. O-O Be7 9. f3 O-O 10. Qd2 b5 11. a3 Bb7 12. Rad1 Rac8 13. Nb3 d6 14. h3 Ne5 15. f4 Nc4 16. Bxc4 Qxc4 17.
Qd3 Nxe4 18. Qxc4 Rxc4 19. Nd4 Nxc3 20. bxc3 Rxc3 21. Rd3 Rfc8 22. Rfd1 Be4 23. R3d2 Bf6 24. Kf2 d5 25. Ne2 Rxa3 26. g4 Bh4+ 27. Kf1 Rxe3 28. c4 Rf3+ 29. Kg1 Rxh3 30. cxd5 Rh1# 0-1

[Event "Early-Titled-Tuesday-Blitz-October-10-2023"]
[Site "Chess.com"]
[Date "2023.10.10"]
[Round "2"]
[White "Ermito2020"]
[Black "Arash_Tahbaz"]
[Result "0-1"]
[WhiteElo "2605"]
[BlackElo "2935"]
[TimeControl "180+1"]
[EndTime "8:15:22 PDT"]
[Termination "Arash_Tahbaz won by resignation"]

1. e4 g6 2. d4 Bg7 3. Nc3 d6 4. Be3 Nd7 5. h4 h6 6. Qd2 a6 7.
h5 g5 8. f4 gxf4 9. Bxf4 b5 10.
Nf3 Bb7 11. Bd3 c5 12. dxc5 Nxc5 13. O-O Nf6 14. e5 Nxh5 15. Be3 Ng3 16. exd6 Nxf1 17. Rxf1 Qxd6 18. Bxb5+ axb5 19. Qf2 Ne4 20. Qd2 Nxd2 0-1

[Event "Early-Titled-Tuesday-Blitz-October-10-2023"]
[Site "Chess.com"]
[Date "2023.10.10"]
[Round "2"]
[White "lolo9292"]
[Black "Rosh1610"]
[Result "1-0"]
[WhiteElo "2158"]
[BlackElo "2438"]
[TimeControl "180+1"]
[EndTime "8:15:25 PDT"]
[Termination "lolo9292 won by checkmate"]

1. d4 Nf6 2. Nf3 d5 3. Bf4 e6 4. e3 Bd6 5. Bg3 O-O 6. Nbd2 c5 7. c3 Qc7 8. Ne5 Nbd7 9. f4 b6 10. Bd3 Bb7 11. Qf3 Rad8 12. Bh4 Rc8 13. g4 cxd4 14. exd4 Ne4 15. Nxe4 dxe4 16. Bxe4 Bxe4 17. Qxe4 f6 18. Nd3 e5 19. O-O exd4 20. cxd4 Rce8 21. Qd5+ Kh8 22. Rac1 Qb8 23. Rc6 Re3 24. Rxd6 Rxd3 25. Rxd7 Rd2 26. Bg3 Qe8 27. Re1 Qc8 28. f5 Qc2 29. Rd8 h5 30. Rxf8+ Kh7 31. Qg8+ Kh6 32.
Bf4+ g5 33. Qg6# 1-0

[Event "Early-Titled-Tuesday-Blitz-October-10-2023"]
[Site "Chess.com"]
[Date "2023.10.10"]
[Round "2"]
[White "Jospem"]
[Black "CuteSheepCloud"]
[Result "1-0"]
[WhiteElo "3099"]
[BlackElo "2634"]
[TimeControl "180+1"]
[EndTime "8:15:28 PDT"]
[Termination "Jospem won by resignation"]

1. e4 e5 2. Nf3 Nc6 3. Bb5 Nf6 4. d3 d6 5. c3 a6 6. Ba4 b5 7. Bb3 Bb7 8. O-O Be7 9. Re1 O-O 10.
Nbd2 Na5 11. Bc2 c5 12. Nf1 Nc6 13. Bg5 h6 14. Bxf6 Bxf6 15. Ne3 g6 16. Bb3 Bg7 17.
Bd5 Na5 18. Bxb7 Nxb7 19. a4 f5 20. Nd5 Kh7 21. axb5 axb5 22. Qb3 Ra5 23. h3 fxe4 24. dxe4 Qd7 25. Rxa5 Nxa5 26. Qd1 Qf7 27. Qe2 Qe8 28. Ra1 Nb3 29. Ra7 c4 30. Nh4 Rf7 31. Ra6 Rd7 32. Rb6 Rd8 33. Rb7 Qc6 34. Nf6+ 1-0

[Event "Early-Titled-Tuesday-Blitz-October-10-2023"]
[Site "Chess.com"]
[Date "2023.10.10"]
[Round "2"]
[White "LamaChampetre"]
[Black "CarlosjPineror"]
[Result "0-1"]
[WhiteElo "2253"]
[BlackElo "2504"]
[TimeControl "180+1"]
[EndTime "8:15:33 PDT"]
[Termination "CarlosjPineror won on time"]

1. d4 Nf6 2. c4 e6 3. Nf3 Bb4+ 4. Nbd2 O-O 5. a3 Be7 6. e4 d6 7. Be2 c5 8. O-O cxd4 9. Nxd4 a6 10. Nb1 Qc7 11.
Nc3 Nbd7 12. Be3 b6 13. b4 Bb7 14. f3 Rac8 15. Rc1 Qb8 16. Qd2 Bd8 17. Rfd1 Bc7 18.
Kh1 Rfd8 19. Bd3 d5 20. cxd5 exd5 21. exd5 Ne5 22. Bf5 Nc4 23. Qe2 Nxe3 24. Qxe3 Bf4 25. Qg1 Rc4 26. Qf1 b5 27. Rc2 g6 28. Be4 Qe5 0-1

[Event "Early-Titled-Tuesday-Blitz-October-10-2023"]
[Site "Chess.com"]
[Date "2023.10.10"]
[Round "2"]
[White "Marcin"]
[Black "Druid24"]
[Result "0-1"]
[WhiteElo "2452"]
[BlackElo "2711"]
[TimeControl "180+1"]
[EndTime "8:15:34 PDT"]
[Termination "Druid24 won by resignation"]

1. Nf3 d5 2. e3 c5 3. c4 d4 4.
exd4 cxd4 5. d3 g6 6. g3 Bg7 7. Bg2 Nc6 8. O-O Nf6 9. Bf4 O-O 10. Ne5 Qb6 11. Nxc6 bxc6 12. Nd2 Bf5 13. Nb3 Nd7 14. Rc1 a5 15. c5 Qb5 16. Re1 e5 17. Bg5 a4 18.
Nd2 Nxc5 19. Be7 Nxd3 20. Bxc6 Qxb2 21. Bxf8 Rxf8 22. Rc2 Qb6 23. Re2 Nb2 24. Rxb2 Qxb2 25.
Nf3 Qc3 26. Bxa4 Qxf3 0-1

[Event "Early-Titled-Tuesday-Blitz-October-10-2023"]
[Site "Chess.com"]
[Date "2023.10.10"]
[Round "2"]
[White "zverr1"]
[Black "Pawnpusher1245"]
[Result "1-0"]
[WhiteElo "2508"]
[BlackElo "2258"]
[TimeControl "180+1"]
[EndTime "8:15:39 PDT"]
[Termination "zverr1 won by resignation"]

1. d4 d5 2. c4 e6 3. Nf3 Nf6 4. g3 Be7 5. Bg2 O-O 6. O-O dxc4 7. Qc2 a6 8. a4 Bd7 9. Bg5 Bc6 10. Bxf6 Bxf6 11.
Rd1 Qe7 12. e4 e5 13. d5 Bd7 14. Nbd2 Bg4 15. Nxc4 Nd7 16. Ne3 Bxf3 17. Bxf3 Rfc8 18. Bg4 Qd8 19. Rac1 Be7 20. Qc4 Bd6 21. b4 g6 22.
h4 c6 23. dxc6 Rxc6 24. Qxc6 bxc6 25. Rxd6 Qb6 26. Bxd7 Qxb4 27. Rdxc6 Kg7 28. Rc7 Rd8 29. Be6 Qxe4 30. Rxf7+ Kh6 31. Ng4+ 1-0

[Event "Early-Titled-Tuesday-Blitz-October-10-2023"]
[Site "Chess.com"]
[Date "2023.10.10"]
[Round "2"]
[White "semchik73"]
[Black "CheckThis4"]
[Result "0-1"]
[WhiteElo "2434"]
[BlackElo "2705"]
[TimeControl "180+1"]
[EndTime "8:15:41 PDT"]
[Termination "CheckThis4 won by checkmate"]

1. Nf3 Nf6 2. c4 g6 3. d4 Bg7 4. Nc3 d5 5. Qb3 dxc4 6. Qxc4 O-O 7. e4 b6 8. Be2 Ba6 9. Qb3 Bxe2 10. Kxe2 c5 11. dxc5 Nbd7 12. Rd1 Qc7 13. cxb6 axb6 14. Be3 Nc5 15. Qc2 e6 16. Rac1 Rfc8 17. Qb1 Ng4 18. Bd4 Bh6 19. Be3 Bxe3 20. fxe3 Nxh2 21. Nb5 Qg3 22.
Rg1 Ng4 23. b4 Qf2+ 24. Kd1 Nxe3# 0-1

[Event "Early-Titled-Tuesday-Blitz-October-10-2023"]
[Site "Chess.com"]
[Date "2023.10.10"]
[Round "2"]
[White "Xqswdc"]
[Black "Shiirav"]
[Result "0-1"]
[WhiteElo "2332"]
[BlackElo "2663"]
[TimeControl "180+1"]
[EndTime "8:15:43 PDT"]
[Termination "Shiirav won by resignation"]

1. e4 c5 2. d4 cxd4 3. Qxd4 Nc6 4. Qd3 g6 5. Nc3 Bg7 6. Nf3 Nf6 7. Be2 O-O 8. O-O d6 9. Nd5 Bg4 10. c3 Bxf3 11.
Qxf3 Ne5 12. Qe3 a6 13. f4 Ned7 14. a4 Rc8 15. Bf3 Nc5 16. Ra3 e6 17. Nxf6+ Qxf6 18. b4 Nd7 19. Bb2 Qe7 20. Rd1 e5 21. f5 Rfd8 22.
fxg6 hxg6 23. Bg4 Rc7 24. Bf3 Bf6 25. Qd3 Nb6 26. Bc1 Nc4 27. Ra2 b5 28. axb5 axb5 29. Ra6 Bg5 30. Bxg5 Qxg5 31. Kf2 Nb2 32. Qd2 Nxd1+ 33.
Qxd1 Rxc3 34. Rxd6 Qe3+ 35. Kf1 Rxd6 36. Qxd6 Rc1+ 37. Bd1 Qd4 38. Qxd4 exd4 39. Ke2 Rb1 40. Kd3 Rxd1+ 0-1

[Event "Early-Titled-Tuesday-Blitz-October-10-2023"]
[Site "Chess.com"]
[Date "2023.10.10"]
[Round "2"]
[White "BlueWizzard"]
[Black "Grossboss19"]
[Result "1-0"]
[WhiteElo "2918"]
[BlackElo "2522"]
[TimeControl "180+1"]
[EndTime "8:15:45 PDT"]
[Termination "BlueWizzard won by resignation"]

1. d4 d5 2. Nc3 Nf6 3. Bg5 Nbd7 4.
Nf3 c6 5. Qd3 h6 6. Bf4 e6 7. e4 dxe4 8. Nxe4 Nxe4 9. Qxe4 c5 10. Bd3 Nf6 11. Qe2 Nd5 12. Bd2 Be7 13. dxc5 Bxc5 14.
O-O-O Bd7 15. Ne5 a6 16. Qh5 O-O 17. Bxh6 gxh6 18. Qxh6 f5 19. Bc4 Bb5 20. Qg6+ Kh8 21. Qh6+ Kg8 22. Rd3 f4 23. Qg6+ Kh8 24. Rh3+ 1-0

[Event "Early-Titled-Tuesday-Blitz-October-10-2023"]
[Site "Chess.com"]
[Date "2023.10.10"]
[Round "2"]
[White "Ali_rastbod"]
[Black "bipe137"]
[Result "1-0"]
[WhiteElo "2722"]
[BlackElo "2519"]
[TimeControl "180+1"]
[EndTime "8:15:46 PDT"]
[Termination "Ali_rastbod won by checkmate"]

1. d4 d5 2. Nf3 Nf6 3. c3 c6 4.
Qc2 g6 5. Bf4 Bf5 6. Qb3 Qb6 7.
h3 Bg7 8. Nbd2 h6 9. c4 Qxb3 10. axb3 a6 11. g4 Be6 12. Bg2 g5 13. Bg3 Nbd7 14. e3 O-O 15. O-O Nb6 16. Rfc1 Rac8 17. Ra5 Rfd8 18. c5 Na8 19. b4 Nc7 20. Nb3 Nb5 21.
Nfd2 Nd7 22. Raa1 Nf8 23. Na5 Rd7 24. f4 f5 25. fxg5 hxg5 26. Nf3 fxg4 27. Nxg5 gxh3 28. Nxe6 hxg2 29. Nxg7 Kxg7 30. Be5+ Kg8 31. Rc2 Ng6 32. Rxg2 Kh7 33. Rh2+ Kg8 34. Rg2 Kh7 35. Kf2 Rf8+ 36. Ke2 Nxe5 37. Rh1# 1-0

[Event "Early-Titled-Tuesday-Blitz-October-10-2023"]
[Site "Chess.com"]
[Date "2023.10.10"]
[Round "2"]
[White "ukchessbomber"]
[Black "ajedrezhoy"]
[Result "1-0"]
[WhiteElo "2653"]
[BlackElo "2369"]
[TimeControl "180+1"]
[EndTime "8:15:47 PDT"]
[Termination "ukchessbomber won on time"]

1. b4 e5 2. Bb2 Bxb4 3. Bxe5 Nf6 4. e3 Nc6 5. Bxf6 Qxf6 6. c3 Ba5 7. d4 d5 8. h3 O-O 9. Nf3 Bf5 10. Bd3 Rfe8 11.
O-O Ne7 12. Ne5 c6 13. Qc2 Bc7 14. f4 Bxd3 15. Qxd3 Nf5 16. Nd2 Nd6 17. Rab1 Re7 18. a4 Rae8 19. c4 dxc4 20. Ndxc4 Nxc4 21. Qxc4 Bb6 22. Rb3 Qe6 23. Qxe6 Rxe6 24. Nc4 R8e7 25. Rfb1 h5 26.
Kf2 h4 27. a5 Bd8 28. Rxb7 Kh7 29. a6 f6 30. Rxe7 Rxe7 31. Rb7 Kg6 32. Na5 Kf7 33. Nxc6 1-0

[Event "Early-Titled-Tuesday-Blitz-October-10-2023"]
[Site "Chess.com"]
[Date "2023.10.10"]
[Round "2"]
[White "SirStrateg"]
[Black "zozik"]
[Result "1-0"]
[WhiteElo "2579"]
[BlackElo "2338"]
[TimeControl "180+1"]
[EndTime "8:15:47 PDT"]
[Termination "SirStrateg won by resignation"]

1. e3 e6 2. b3 d5 3. Bb2 Nf6 4. f4 Bd6 5. Nf3 O-O 6. Bd3 c5 7. O-O Nc6 8. Nc3 a6 9. a3 b5 10. Qe1 b4 11. Na4 bxa3 12. Bxa3 c4 13. Bxd6 Qxd6 14.
bxc4 dxc4 15. Bxc4 Qb4 16. Bd3 a5 17. Qh4 Ba6 18.
Rfb1 Qd6 19. Bxa6 Rxa6 20. Nc3 Nb4 21. Nd4 Nxc2 22. Ncb5 Qd5 23. Nxc2 Qxd2 24. Qf2 Qd3 25. Ra3 Qe4 26. Nbd4 e5 27. fxe5 Ng4 28. Qf4 1-0

[Event "Early-Titled-Tuesday-Blitz-October-10-2023"]
[Site "Chess.com"]
[Date "2023.10.10"]
[Round "2"]
[White "viktorskliarov"]
[Black "AlexandraSamaganova"]
[Result "1-0"]
[WhiteElo "2650"]
[BlackElo "2227"]
[TimeControl "180+1"]
[EndTime "8:15:52 PDT"]
[Termination "viktorskliarov won by resignation"]

1. e4 c5 2. Nf3 e6 3. c3 Nf6 4. Bd3 Nc6 5. Bc2 d5 6. e5 Nd7 7. d4 Be7 8. O-O Rb8 9. a3 b5 10. dxc5 Bxc5 11. Qe2 a5 12. b4 Be7 13. Nbd2 Nb6 14.
Qxb5 Bd7 15. Qe2 axb4 16. axb4 Qc7 17. Bd3 O-O 18. Nb3 Rfc8 19. Bd2 Nc4 20. Rfe1 Nb2 21. Ba6 Rd8 22. Reb1 Nc4 23. Bxc4 dxc4 24. Qxc4 Bc8 25. b5 Rxb5 26. Qxb5 1-0

[Event "Early-Titled-Tuesday-Blitz-October-10-2023"]
[Site "Chess.com"]
[Date "2023.10.10"]
[Round "2"]
[White "queen_iryna"]
[Black "meoluoi91"]
[Result "0-1"]
[WhiteElo "2354"]
[BlackElo "2604"]
[TimeControl "180+1"]
[EndTime "8:15:55 PDT"]
[Termination "meoluoi91 won by resignation"]

1. e4 c6 2. d4 d5 3. Nc3 dxe4 4. Nxe4 Bf5 5. Ng3 Bg6 6. h4 h6 7. Nf3 Nd7 8. h5 Bh7 9. Bd3 Bxd3 10. Qxd3 e6 11.
Bd2 Ngf6 12. O-O-O Be7 13. Kb1 c5 14. Rhe1 O-O 15. Ne4 cxd4 16. Nxf6+ Bxf6 17. Bb4 Re8 18. g4 Qb6 19. Ba3 Rac8 20. Nxd4 Ne5 21. Qe4 Nc4 22. Nb3 Nxa3+ 23. bxa3 Qa6 24. Qb4 Rc4 25. Qd6 Rc6 26. Qd7 Rec8 27. Rd3 Qxa3 28. Nd4 Qb4+ 0-1